Thunder vs Staline
Created - 27 décembre 2014 at 19:19
Goals
|
| Thunder |
0 |
3 |
1 |
4 |
| Staline |
1 |
4 |
1 |
6 |
|
Shots
|
| Thunder |
5 |
7 |
6 |
18 |
| Staline |
12 |
11 |
8 |
31 |
|
1st period
1. Staline , Andrei Loktionov 30 (Cam Janssen) at 15:41
Penalties :
Pierre-Alexandre Parenteau (TRO) for Interference (Minor) at 1:36, David Fischer (TRO) for High sticking (Minor) at 4:00, Tom Pyatt (TRO) for Interference (Minor) at 11:34, Samuel Pahlsson (TRO) for Tripping (Minor) at 15:50
2nd period
2. Staline , James Sheppard 9 (Jared Boll, J.T. Wyman) at 1:12
3. Thunder , Dany Roussin 11 (Unassisted) at 1:39
4. Staline , Cam Janssen 18 (Andrei Loktionov, Yan Stastny) at 3:49 (PP)
5. Thunder , Tom Pyatt 15 (Robin Leblanc, Tim Gleason) at 6:14 (PP)
6. Staline , Pierre-Luc Létourneau 4 (Devin Setoguchi, Cody Franson) at 9:21
7. Staline , Devin Setoguchi 23 (Pierre-Luc Létourneau, Cody Franson) at 10:01
8. Thunder , Matt D'Agostini 22 (Pierre-Alexandre Parenteau, Jeff Finger) at 10:47
Penalties :
Matt D'Agostini (TRO) for Holding (Minor) at 2:25, Cody Franson (StJ) for Hooking (Minor) at 5:33, Andrei Loktionov (StJ) for Hooking (Minor) at 9:08, Tim Gleason (TRO) for Hooking (Minor) at 9:12, Cody Franson (StJ) for Tripping (Minor) at 17:27
3rd period
9. Thunder , Dany Roussin 12 (Samuel Pahlsson, Pierre-Alexandre Parenteau) at 1:34 (PP)
10. Staline , Mason Raymond 19 (T.J. Fast, Cam Janssen) at 13:33 (PP)
Penalties :
Mason Raymond (StJ) for Boarding (Minor) at 1:31, Brandon Mashinter (TRO) for Holding (Minor) at 8:41, Daultan Leveillé (TRO) for Close Hand On Puck (Minor) at 12:04, Doug Janik (TRO) for Hooking (Minor) at 14:39
Goalie Stats
Devan Dubnyk (TRO), 8 saves from 9 shots - (0,889), 29:59 minutes
Mark Dekanich (TRO), 17 saves from 22 shots - (0,773), L, 0-11-0, 30:01 minutes
Tobias Stephan (StJ), 14 saves from 18 shots - (0,778), W, 24-7-3, 60:00 minutes
Players Stats for Thunder
Player Name G A P +/- PIM S H SB GA TA FO MP PP MP PK MP
------------------------------------------------------------------------------------
Brandon Mashinter 0 0 0 -1 2 0 1 1 0 0 4/4 10:07 0:00 0:00
Brett Festerling 0 0 0 0 0 0 0 0 0 0 0/1 3:38 0:00 1:48
Colby Cohen 0 0 0 0 0 0 0 0 0 0 0/0 0:00 0:00 0:00
Dany Roussin 2 0 2 -2 0 3 2 0 2 2 0/1 26:55 1:34 7:32
Daultan Leveillé 0 0 0 -1 2 1 0 0 0 0 1/7 12:23 0:00 3:16
David Fischer 0 0 0 0 2 0 0 0 0 0 0/0 5:23 0:00 0:00
Derek Peltier 0 0 0 -1 0 0 1 2 0 0 0/0 10:30 0:00 0:04
Doug Janik 0 0 0 -1 2 1 0 0 0 1 0/0 19:01 1:02 6:01
Jannik Hansen 0 0 0 -1 0 0 0 0 0 0 0/0 10:20 0:00 0:00
Jeff Finger 0 1 1 -1 0 2 1 2 0 1 0/0 27:02 1:45 8:03
Jesse Blacker 0 0 0 0 0 0 0 0 0 0 0/0 0:00 0:00 0:00
Joey Ryan 0 0 0 0 0 0 0 1 0 1 0/0 8:39 0:00 0:37
Kelly Zajac 0 0 0 0 0 0 0 0 0 0 0/0 0:00 0:00 0:00
Kevin Montgomery 0 0 0 0 0 0 0 0 0 0 0/0 0:00 0:00 0:00
Mat Clark 0 0 0 0 0 0 0 0 0 0 0/0 0:00 0:00 0:00
Matt D'Agostini 1 0 1 1 2 1 0 1 1 0 0/0 18:48 1:13 4:35
Pierre-Alexandre Parente 0 2 2 2 2 2 0 1 2 0 2/2 19:07 1:34 4:30
Ray Macias 0 0 0 -1 0 0 1 0 0 1 0/0 19:49 1:02 6:48
Robin Leblanc 0 1 1 -1 0 2 1 0 1 1 0/1 18:11 1:13 0:00
Samuel Pahlsson 0 1 1 -3 2 4 3 3 0 1 23/37 26:58 1:34 6:31
Slava Voynov 0 0 0 0 0 0 0 0 0 0 0/0 5:17 0:00 0:10
Taylor Doherty 0 0 0 0 0 0 0 0 0 0 0/0 0:00 0:00 0:00
Tim Gleason 0 1 1 0 2 0 5 0 1 0 0/0 25:02 1:44 7:59
Tom Pyatt 1 0 1 0 2 2 1 0 1 0 5/9 15:54 1:13 1:30
Players Stats for Staline
Player Name G A P +/- PIM S H SB GA TA FO MP PP MP PK MP
------------------------------------------------------------------------------------
Aaron Ness 0 0 0 0 0 0 0 0 0 0 0/0 3:59 0:00 0:00
Andrei Loktionov 1 1 2 1 2 1 3 0 0 0 6/8 17:03 7:08 0:00
Cam Janssen 1 2 3 0 0 1 1 2 0 0 0/0 17:29 7:01 0:34
Cody Franson 0 2 2 1 4 2 2 0 2 0 0/0 25:41 9:23 0:07
Danny Kristo 0 0 0 0 0 0 0 0 0 0 0/0 0:23 0:21 0:00
David Kolomatis 0 0 0 0 0 0 0 0 0 0 0/0 4:37 0:00 0:38
Devin Setoguchi 1 1 2 2 0 4 0 0 0 0 0/1 24:13 7:19 1:40
J.T. Wyman 0 1 1 -1 0 7 1 0 1 2 0/0 10:54 0:47 0:00
James Sheppard 1 0 1 1 0 3 0 0 1 0 0/0 7:08 0:00 0:00
Jamie McGinn 0 0 0 0 0 0 0 0 0 0 0/0 0:00 0:00 0:00
Jared Boll 0 1 1 1 0 1 1 0 1 0 0/0 8:19 0:28 0:00
Mason Raymond 1 0 1 1 2 2 2 0 0 1 0/0 17:24 7:04 0:33
Nick Spaling 0 0 0 -1 0 2 0 0 1 1 0/1 10:29 0:00 0:33
Peter Holland 0 0 0 1 0 0 0 0 0 0 0/3 7:23 0:00 0:00
Pierre-Luc Létourneau 1 1 2 2 0 2 1 0 0 2 8/15 24:21 7:10 1:40
Stu Bickel 0 0 0 1 0 1 1 0 0 0 0/0 20:21 5:28 0:57
T.J. Fast 0 1 1 1 0 0 2 0 1 0 0/0 27:23 9:23 1:50
Theo Peckham 0 0 0 1 0 2 2 0 0 0 0/0 20:21 5:28 0:57
Torey Krug 0 0 0 0 0 0 0 1 0 2 0/0 9:22 0:00 1:05
Tyler Cuma 0 0 0 0 0 1 0 0 0 0 0/0 8:17 0:00 0:00
Yan Stastny 0 1 1 -1 0 1 1 0 1 0 10/29 21:06 7:15 0:34
Zac Rinaldo 0 0 0 -1 0 1 1 0 0 0 3/5 9:01 0:00 0:00
3 Stars
1 - Cam Janssen (StJ)
2 - Pierre-Luc Létourneau (StJ)
3 - Devin Setoguchi (StJ)
Power Play
Thunder - 2 on 4 Attempt(s) - 50,00%
Staline - 2 on 10 Attempt(s) - 20,00%
Penalty Kill
Thunder - 8 on 10 Attempt(s) - 80,00%
- Score 0 goal in Penalty Kill
Staline - 2 on 4 Attempt(s) - 50,00%
- Score 0 goal in Penalty Kill
Official
Referees : Pochmara Brian and Rehman Kyle
Linesman : Vaughan Rody and Tony Sericolo
Game Notes
1:39 of 2nd period - Penalty Shot by Dany Roussin for Thunder - Goal!
Devan Dubnyk enters game at 10:01 of 2nd period
Finance
Level 1 -- Attendance: 1424 (71,20%) -- Ticket Income 49 840 $
Level 2 -- Attendance: 801 (80,10%) -- Ticket Income 12 015 $
Total Attendance: 2225 (74,17%)
Total Ticket Income: 61 855 $
Other Income: 3 093 $
Total Income: 64 948 $
Thunder
5 vs 5 Forward
Center Left Wing Right Wing Time % Phy DF OF
1 Samuel Pahlsson Dany Roussin Pierre-Alexandre Parentea40 1 2 2
2 Tom Pyatt Robin Leblanc Matt D'Agostini 30 1 2 2
3 Brandon Mashinter Samuel Pahlsson Robin Leblanc 20 1 2 2
4 Daultan Leveillé Dany Roussin Jannik Hansen 10 1 2 2
5 vs 5 Defense
Defense Defense Time % Phy DF OF
1 Tim Gleason Jeff Finger 40 1 2 2
2 Doug Janik Ray Macias 30 1 2 2
3 Derek Peltier Joey Ryan 20 1 2 2
4 Slava Voynov David Fischer 10 1 2 2
PowerPlay Forward
Center Left Wing Right Wing Time % Phy DF OF
1 Samuel Pahlsson Dany Roussin Pierre-Alexandre Parentea60 1 2 2
2 Tom Pyatt Robin Leblanc Matt D'Agostini 40 1 2 2
PowerPlay Defense
Defense Defense Time % Phy DF OF
1 Tim Gleason Jeff Finger 60 1 2 2
2 Doug Janik Ray Macias 40 1 2 2
Penalty Kill 4 Players Forward
Center Wing Time % Phy DF OF
1 Samuel Pahlsson Dany Roussin 60 1 2 2
2 Pierre-Alexandre ParenteaMatt D'Agostini 40 1 2 2
Penalty Kill 4 Players Defense
Defense Defense Time % Phy DF OF
1 Tim Gleason Jeff Finger 60 1 2 2
2 Doug Janik Ray Macias 40 1 2 2
Penalty Kill - 3 Players Forward
Forward Time % Phy DF OF
1 Samuel Pahlsson 60 1 2 2
2 Dany Roussin 40 1 2 2
Penalty Kill - 3 Players Defense
Defense Defense Time % Phy DF OF
1 Tim Gleason Jeff Finger 60 1 2 2
2 Doug Janik Ray Macias 40 1 2 2
4 vs 4 Forward
Center Wing Time % Phy DF OF
1 Samuel Pahlsson Dany Roussin 60 1 2 2
2 Pierre-Alexandre ParenteaMatt D'Agostini 40 1 2 2
4 vs 4 Defense
Defense Defense Time % Phy DF OF
1 Tim Gleason Jeff Finger 60 1 2 2
2 Doug Janik Ray Macias 40 1 2 2
Last Minutes Offensive
Center Left Wing Right Wing Defense Defense
Samuel Pahlsson Dany Roussin Pierre-Alexandre ParenteaTim Gleason Jeff Finger
Last Minutes Defensive
Center Left Wing Right Wing Defense Defense
Samuel Pahlsson Dany Roussin Pierre-Alexandre ParenteaTim Gleason Jeff Finger
Goaltenders
Starting : Mark Dekanich
Backup : Devan Dubnyk
Extra Forwards
Normal : Jannik Hansen, Brandon Mashinter, Daultan Leveillé - PP : Jannik Hansen, Brandon Mashinter - PK : Daultan Leveillé
Extra Defensemen
Normal : Derek Peltier, Joey Ryan, Slava Voynov - PP : Derek Peltier - PK : Joey Ryan, Slava Voynov
Penalty Shots
Samuel Pahlsson, Dany Roussin, Pierre-Alexandre Parenteau, Matt D'Agostini, Tom Pyatt
Staline
5 vs 5 Forward
Center Left Wing Right Wing Time % Phy DF OF
1 Yan Stastny Pierre-Luc Létourneau Devin Setoguchi 40 1 2 2
2 Andrei Loktionov Mason Raymond Cam Janssen 30 1 2 2
3 Zac Rinaldo Nick Spaling J.T. Wyman 20 1 2 2
4 Peter Holland James Sheppard Jared Boll 10 1 2 2
5 vs 5 Defense
Defense Defense Time % Phy DF OF
1 T.J. Fast Cody Franson 40 1 2 2
2 Stu Bickel Theo Peckham 30 1 2 2
3 Tyler Cuma Torey Krug 20 1 2 2
4 David Kolomatis Aaron Ness 10 1 2 2
PowerPlay Forward
Center Left Wing Right Wing Time % Phy DF OF
1 Yan Stastny Pierre-Luc Létourneau Devin Setoguchi 60 1 2 2
2 Andrei Loktionov Mason Raymond Cam Janssen 40 1 2 2
PowerPlay Defense
Defense Defense Time % Phy DF OF
1 T.J. Fast Cody Franson 60 1 2 2
2 Stu Bickel Theo Peckham 40 1 2 2
Penalty Kill 4 Players Forward
Center Wing Time % Phy DF OF
1 Pierre-Luc Létourneau Devin Setoguchi 60 1 2 2
2 Yan Stastny Cam Janssen 40 1 2 2
Penalty Kill 4 Players Defense
Defense Defense Time % Phy DF OF
1 T.J. Fast Cody Franson 60 1 2 2
2 Stu Bickel Theo Peckham 40 1 2 2
Penalty Kill - 3 Players Forward
Forward Time % Phy DF OF
1 Pierre-Luc Létourneau 60 1 2 2
2 Devin Setoguchi 40 1 2 2
Penalty Kill - 3 Players Defense
Defense Defense Time % Phy DF OF
1 T.J. Fast Cody Franson 60 1 2 2
2 Stu Bickel Theo Peckham 40 1 2 2
4 vs 4 Forward
Center Wing Time % Phy DF OF
1 Pierre-Luc Létourneau Devin Setoguchi 60 1 2 2
2 Yan Stastny Cam Janssen 40 1 2 2
4 vs 4 Defense
Defense Defense Time % Phy DF OF
1 T.J. Fast Cody Franson 60 1 2 2
2 Stu Bickel Theo Peckham 40 1 2 2
Last Minutes Offensive
Center Left Wing Right Wing Defense Defense
Yan Stastny Pierre-Luc Létourneau Devin Setoguchi T.J. Fast Cody Franson
Last Minutes Defensive
Center Left Wing Right Wing Defense Defense
Yan Stastny Pierre-Luc Létourneau Devin Setoguchi T.J. Fast Cody Franson
Goaltenders
Starting : Tobias Stephan
Backup : Martin Houle
Extra Forwards
Normal : J.T. Wyman, Jared Boll, Nick Spaling - PP : J.T. Wyman, Jared Boll - PK : Nick Spaling
Extra Defensemen
Normal : Tyler Cuma, Torey Krug, David Kolomatis - PP : Tyler Cuma - PK : Torey Krug, David Kolomatis
Penalty Shots
Pierre-Luc Létourneau, Devin Setoguchi, Yan Stastny, Cam Janssen, Andrei Loktionov
% Time on Ice - Thunder
Lines # - Real PCT - Wanted PCT - Time Play
Normal Forward
1 - 34% - 40% - 13:57
2 - 34% - 30% - 13:35
3 - 14% - 20% - 5:38
4 - 18% - 10% - 7:17
Normal Defense
1 - 38% - 40% - 15:19
2 - 30% - 30% - 11:59
3 - 20% - 20% - 8:02
4 - 13% - 10% - 5:07
PP Forward
1 - 56% - 60% - 1:34
2 - 44% - 40% - 1:13
PP Defense
1 - 63% - 60% - 1:45
2 - 37% - 40% - 1:02
PK Forward
1 - 65% - 60% - 9:37
2 - 35% - 40% - 5:14
PK Defense
1 - 54% - 60% - 8:03
2 - 46% - 40% - 6:48
PK3 Forward
1 - 0% - 60%
2 - 0% - 40%
PK3 Defense
1 - 0% - 60%
2 - 0% - 40%
44 Forward
1 - 88% - 60% - 1:41
2 - 12% - 40% - 0:14
44 Defense
1 - 100% - 60% - 1:55
2 - 0% - 40% - 0:00
Last Minute Offensive - 0:00
Last Minute Defensive - 0:00
Total
Forward - 60:00
Defense - 60:00
|
% Time on Ice - Staline
Lines # - Real PCT - Wanted PCT - Time Play
Normal Forward
1 - 34% - 40% - 13:52
2 - 26% - 30% - 10:41
3 - 22% - 20% - 9:01
4 - 17% - 10% - 6:53
Normal Defense
1 - 35% - 40% - 14:16
2 - 34% - 30% - 13:55
3 - 20% - 20% - 8:17
4 - 10% - 10% - 3:59
PP Forward
1 - 52% - 60% - 7:47
2 - 48% - 40% - 7:04
PP Defense
1 - 63% - 60% - 9:23
2 - 37% - 40% - 5:28
PK Forward
1 - 80% - 60% - 2:13
2 - 20% - 40% - 0:34
PK Defense
1 - 66% - 60% - 1:50
2 - 34% - 40% - 0:57
PK3 Forward
1 - 0% - 60%
2 - 0% - 40%
PK3 Defense
1 - 0% - 60%
2 - 0% - 40%
44 Forward
1 - 88% - 60% - 1:41
2 - 12% - 40% - 0:14
44 Defense
1 - 99% - 60% - 1:54
2 - 1% - 40% - 0:01
Last Minute Offensive - 0:00
Last Minute Defensive - 0:00
Total
Forward - 60:00
Defense - 60:00
|
Play by Play
1st period
0:01 of 1st period - Pierre-Alexandre Parenteau wins face-off versus Yan Stastny in neutral zone.
0:10 of 1st period - Snap shot by Pierre-Alexandre Parenteau.
0:10 of 1st period - Stopped by Tobias Stephan with a rebound.
1:11 of 1st period - Wrist shot by Jared Boll.
1:11 of 1st period - Deflect By James Sheppard.
1:11 of 1st period - Stopped by Mark Dekanich without a rebound.
1:12 of 1st period - Yan Stastny wins face-off versus Tom Pyatt in Thunder zone.
1:17 of 1st period - Snap shot by Devin Setoguchi.
1:17 of 1st period - Stopped by Mark Dekanich without a rebound.
1:18 of 1st period - Yan Stastny wins face-off versus Samuel Pahlsson in Thunder zone.
1:36 of 1st period - Minor Penalty to Pierre-Alexandre Parenteau for Interference.
1:37 of 1st period - Samuel Pahlsson wins face-off versus Yan Stastny in Thunder zone.
1:53 of 1st period - Snap shot by Devin Setoguchi.
1:53 of 1st period - Shot Misses the Net.
2:12 of 1st period - Wrist shot by Mason Raymond.
2:12 of 1st period - Shot Misses the Net.
3:08 of 1st period - Cody Franson is hit by Samuel Pahlsson and loses puck.
3:36 of 1st period - Penalty to Pierre-Alexandre Parenteau is over, Pierre-Alexandre Parenteau is back on ice.
3:44 of 1st period - Snap shot by J.T. Wyman.
3:44 of 1st period - Stopped by Mark Dekanich without a rebound.
3:45 of 1st period - Brandon Mashinter wins face-off versus Zac Rinaldo in Thunder zone.
3:45 of 1st period - Brandon Mashinter is hit by Zac Rinaldo.
4:00 of 1st period - Minor Penalty to David Fischer for High sticking.
4:01 of 1st period - Samuel Pahlsson wins face-off versus Yan Stastny in Thunder zone.
4:27 of 1st period - Andrei Loktionov is hit by Jeff Finger and loses puck.
6:00 of 1st period - Penalty to David Fischer is over, David Fischer is back on ice.
6:28 of 1st period - Matt D'Agostini is hit by Jared Boll and loses puck.
7:51 of 1st period - Icing by Tim Gleason.
7:52 of 1st period - Yan Stastny wins face-off versus Daultan Leveillé in Thunder zone.
8:15 of 1st period - Snap shot by Nick Spaling.
8:15 of 1st period - Deflect By J.T. Wyman.
8:15 of 1st period - Stopped by Mark Dekanich without a rebound.
8:16 of 1st period - Zac Rinaldo wins face-off versus Samuel Pahlsson in Thunder zone.
8:17 of 1st period - Wrist shot by J.T. Wyman.
8:17 of 1st period - Stopped by Mark Dekanich with a rebound.
10:13 of 1st period - Slapshot by Tyler Cuma.
10:13 of 1st period - Stopped by Mark Dekanich with a rebound.
10:15 of 1st period - Wrist shot by Nick Spaling.
10:15 of 1st period - Stopped by Mark Dekanich with a rebound.
10:48 of 1st period - Off-side.
10:49 of 1st period - Andrei Loktionov wins face-off versus Brett Festerling in neutral zone.
10:54 of 1st period - Snap shot by Cam Janssen.
10:54 of 1st period - Shot Misses the Net.
10:56 of 1st period - Wrist shot by Cam Janssen.
10:56 of 1st period - Shot Blocked by Samuel Pahlsson.
10:58 of 1st period - Snap shot by T.J. Fast.
10:58 of 1st period - Shot Blocked by Pierre-Alexandre Parenteau.
11:00 of 1st period - Snap shot by Andrei Loktionov.
11:00 of 1st period - Shot Blocked by Samuel Pahlsson.
11:14 of 1st period - Off-side.
11:15 of 1st period - Tom Pyatt wins face-off versus Yan Stastny in neutral zone.
11:18 of 1st period - Yan Stastny is hit by Robin Leblanc and loses puck.
11:34 of 1st period - Minor Penalty to Tom Pyatt for Interference.
11:35 of 1st period - Samuel Pahlsson wins face-off versus Yan Stastny in Thunder zone.
11:47 of 1st period - Wrist shot by Devin Setoguchi.
11:47 of 1st period - Stopped by Mark Dekanich with a rebound.
11:49 of 1st period - Wrist shot by Pierre-Luc Létourneau.
11:49 of 1st period - Shot Misses the Net.
12:01 of 1st period - Cam Janssen is hit by Tim Gleason and loses puck.
13:34 of 1st period - Penalty to Tom Pyatt is over, Tom Pyatt is back on ice.
13:59 of 1st period - Wrist shot by Robin Leblanc.
13:59 of 1st period - Shot Misses the Net.
14:09 of 1st period - J.T. Wyman is hit by Brandon Mashinter and loses puck.
15:33 of 1st period - Icing by Daultan Leveillé.
15:34 of 1st period - Andrei Loktionov wins face-off versus Daultan Leveillé in Thunder zone.
15:41 of 1st period - Snap shot by Andrei Loktionov.
15:41 of 1st period - Deflect By Doug Janik.
15:41 of 1st period - Goal by Andrei Loktionov - Thunder : 0 - Staline : 1.
15:42 of 1st period - Samuel Pahlsson wins face-off versus Yan Stastny in neutral zone.
15:50 of 1st period - Minor Penalty to Samuel Pahlsson for Tripping.
15:51 of 1st period - Daultan Leveillé wins face-off versus Yan Stastny in Thunder zone.
15:55 of 1st period - Snap shot by Dany Roussin.
15:55 of 1st period - Stopped by Tobias Stephan without a rebound.
15:56 of 1st period - Yan Stastny wins face-off versus Daultan Leveillé in Staline zone.
16:03 of 1st period - Snap shot by Yan Stastny.
16:03 of 1st period - Shot Misses the Net.
16:45 of 1st period - Ray Macias is hit by Andrei Loktionov and loses puck.
17:05 of 1st period - Snap shot by Tom Pyatt.
17:05 of 1st period - Stopped by Tobias Stephan with a rebound.
17:43 of 1st period - T.J. Fast is hit by Tim Gleason.
17:50 of 1st period - Penalty to Samuel Pahlsson is over, Samuel Pahlsson is back on ice.
17:50 of 1st period - Pierre-Alexandre Parenteau is hit by Stu Bickel and loses puck.
18:03 of 1st period - Slapshot by Robin Leblanc.
18:03 of 1st period - Stopped by Tobias Stephan without a rebound.
18:04 of 1st period - Zac Rinaldo wins face-off versus Robin Leblanc in Staline zone.
18:11 of 1st period - Snap shot by J.T. Wyman.
18:11 of 1st period - Stopped by Mark Dekanich with a rebound.
18:13 of 1st period - Slapshot by Tyler Cuma.
18:13 of 1st period - Shot Blocked by Samuel Pahlsson.
18:15 of 1st period - Wrist shot by Nick Spaling.
18:15 of 1st period - Shot Misses the Net.
18:23 of 1st period - Snap shot by Nick Spaling.
18:23 of 1st period - Shot Misses the Net.
18:25 of 1st period - Snap shot by Zac Rinaldo.
18:25 of 1st period - Shot Blocked by Derek Peltier.
18:27 of 1st period - Wrist shot by Zac Rinaldo.
18:27 of 1st period - Stopped by Mark Dekanich with a rebound.
18:57 of 1st period - Slapshot by J.T. Wyman.
18:57 of 1st period - Stopped by Mark Dekanich with a rebound.
19:13 of 1st period - Wrist shot by Samuel Pahlsson.
19:13 of 1st period - Stopped by Tobias Stephan without a rebound.
19:14 of 1st period - Yan Stastny wins face-off versus Daultan Leveillé in Staline zone.
19:39 of 1st period - Andrei Loktionov is hit by Dany Roussin and loses puck.
Goals for this period are 0 for Thunder vs 1 for Staline.
Shots for this period are 5 for Thunder vs 12 for Staline.
2nd period
0:01 of 2nd period - Samuel Pahlsson wins face-off versus Pierre-Luc Létourneau in neutral zone.
0:04 of 2nd period - Pierre-Luc Létourneau is hit by Tim Gleason and loses puck.
1:12 of 2nd period - Wrist shot by James Sheppard.
1:12 of 2nd period - Goal by James Sheppard - Thunder : 0 - Staline : 2.
1:13 of 2nd period - Samuel Pahlsson wins face-off versus Yan Stastny in neutral zone.
1:39 of 2nd period - Penalty Shot by Dany Roussin for Thunder.
1:39 of 2nd period - Backhand shot by Dany Roussin.
1:39 of 2nd period - Goal by Dany Roussin - Thunder : 1 - Staline : 2.
1:40 of 2nd period - Samuel Pahlsson wins face-off versus Yan Stastny in neutral zone.
1:41 of 2nd period - Samuel Pahlsson wins face-off versus Yan Stastny in Thunder zone.
2:06 of 2nd period - Jeff Finger is hit by Andrei Loktionov and loses puck.
2:11 of 2nd period - Snap shot by Cam Janssen.
2:11 of 2nd period - Shot Blocked by Jeff Finger.
2:13 of 2nd period - Wrist shot by Theo Peckham.
2:13 of 2nd period - Stopped by Mark Dekanich with a rebound.
2:15 of 2nd period - Backhand shot by Cam Janssen.
2:15 of 2nd period - Shot Blocked by Jeff Finger.
2:17 of 2nd period - Wrist shot by Andrei Loktionov.
2:17 of 2nd period - Shot Hit the Post.
2:19 of 2nd period - Slapshot by Stu Bickel.
2:19 of 2nd period - Stopped by Mark Dekanich with a rebound.
2:25 of 2nd period - Minor Penalty to Matt D'Agostini for Holding.
2:26 of 2nd period - Samuel Pahlsson wins face-off versus Yan Stastny in Thunder zone.
2:26 of 2nd period - Samuel Pahlsson is hit by Cody Franson.
3:35 of 2nd period - Icing by Pierre-Luc Létourneau.
3:36 of 2nd period - Samuel Pahlsson wins face-off versus Yan Stastny in Staline zone.
3:49 of 2nd period - Snap shot by Andrei Loktionov.
3:49 of 2nd period - Deflect By Cam Janssen.
3:49 of 2nd period - Goal by Cam Janssen - Thunder : 1 - Staline : 3.
3:50 of 2nd period - Samuel Pahlsson wins face-off versus Yan Stastny in neutral zone.
4:05 of 2nd period - Wrist shot by Yan Stastny.
4:05 of 2nd period - Shot Misses the Net.
4:27 of 2nd period - Icing by Mason Raymond.
4:28 of 2nd period - Andrei Loktionov wins face-off versus Samuel Pahlsson in Staline zone.
5:16 of 2nd period - Slapshot by Nick Spaling.
5:16 of 2nd period - Stopped by Mark Dekanich without a rebound.
5:17 of 2nd period - Zac Rinaldo wins face-off versus Daultan Leveillé in Thunder zone.
5:22 of 2nd period - Snap shot by Nick Spaling.
5:22 of 2nd period - Shot Misses the Net.
5:24 of 2nd period - Slapshot by Cody Franson.
5:24 of 2nd period - Stopped by Mark Dekanich without a rebound.
5:25 of 2nd period - Samuel Pahlsson wins face-off versus Yan Stastny in Thunder zone.
5:33 of 2nd period - Minor Penalty to Cody Franson for Hooking.
5:34 of 2nd period - Samuel Pahlsson wins face-off versus Pierre-Luc Létourneau in Staline zone.
6:12 of 2nd period - Wrist shot by Robin Leblanc.
6:12 of 2nd period - Stopped by Tobias Stephan with a rebound.
6:14 of 2nd period - Snap shot by Tom Pyatt.
6:14 of 2nd period - Goal by Tom Pyatt - Thunder : 2 - Staline : 3.
6:15 of 2nd period - Andrei Loktionov wins face-off versus Samuel Pahlsson in neutral zone.
6:40 of 2nd period - Doug Janik is hit by Cody Franson and loses puck.
7:14 of 2nd period - Wrist shot by J.T. Wyman.
7:14 of 2nd period - Shot Misses the Net.
8:25 of 2nd period - Ray Macias is hit by Theo Peckham and loses puck.
8:28 of 2nd period - Wrist shot by Daultan Leveillé.
8:28 of 2nd period - Stopped by Tobias Stephan with a rebound.
8:30 of 2nd period - Slapshot by Doug Janik.
8:30 of 2nd period - Stopped by Tobias Stephan without a rebound.
8:31 of 2nd period - Yan Stastny wins face-off versus Daultan Leveillé in Staline zone.
8:40 of 2nd period - Wrist shot by Devin Setoguchi.
8:40 of 2nd period - Stopped by Mark Dekanich with a rebound.
8:42 of 2nd period - Wrist shot by Pierre-Luc Létourneau.
8:42 of 2nd period - Stopped by Mark Dekanich with a rebound.
8:44 of 2nd period - Wrist shot by Devin Setoguchi.
8:44 of 2nd period - Shot Misses the Net.
8:46 of 2nd period - Wrist shot by Yan Stastny.
8:46 of 2nd period - Shot Blocked by Joey Ryan.
8:56 of 2nd period - Samuel Pahlsson is hit by Mason Raymond and loses puck.
9:08 of 2nd period - Minor Penalty to Andrei Loktionov for Hooking.
9:09 of 2nd period - Pierre-Luc Létourneau wins face-off versus Samuel Pahlsson in Staline zone.
9:12 of 2nd period - Minor Penalty to Tim Gleason for Hooking.
9:13 of 2nd period - Pierre-Luc Létourneau wins face-off versus Samuel Pahlsson in Thunder zone.
9:19 of 2nd period - Snap shot by Devin Setoguchi.
9:19 of 2nd period - Shot Misses the Net.
9:21 of 2nd period - Wrist shot by Pierre-Luc Létourneau.
9:21 of 2nd period - Goal by Pierre-Luc Létourneau - Thunder : 2 - Staline : 4.
9:22 of 2nd period - Samuel Pahlsson wins face-off versus Pierre-Luc Létourneau in neutral zone.
9:31 of 2nd period - Snap shot by Dany Roussin.
9:31 of 2nd period - Stopped by Tobias Stephan without a rebound.
9:32 of 2nd period - Pierre-Luc Létourneau wins face-off versus Samuel Pahlsson in Staline zone.
9:37 of 2nd period - Snap shot by Samuel Pahlsson.
9:37 of 2nd period - Shot Misses the Net.
9:50 of 2nd period - Cody Franson is hit by Dany Roussin and loses puck.
10:01 of 2nd period - Wrist shot by Pierre-Luc Létourneau.
10:01 of 2nd period - Deflect By Devin Setoguchi.
10:01 of 2nd period - Goal by Devin Setoguchi - Thunder : 2 - Staline : 5.
10:01 of 2nd period - Devan Dubnyk enters game.
10:02 of 2nd period - Pierre-Luc Létourneau wins face-off versus Samuel Pahlsson in neutral zone.
10:11 of 2nd period - Slapshot by Pierre-Luc Létourneau.
10:11 of 2nd period - Shot Misses the Net.
10:47 of 2nd period - Wrist shot by Matt D'Agostini.
10:47 of 2nd period - Goal by Matt D'Agostini - Thunder : 3 - Staline : 5.
10:48 of 2nd period - Pierre-Luc Létourneau wins face-off versus Samuel Pahlsson in neutral zone.
10:55 of 2nd period - Snap shot by Pierre-Luc Létourneau.
10:55 of 2nd period - Shot Blocked by Derek Peltier.
10:57 of 2nd period - Slapshot by Pierre-Luc Létourneau.
10:57 of 2nd period - Shot Hit the Post.
11:05 of 2nd period - Cody Franson is hit by Samuel Pahlsson and loses puck.
11:08 of 2nd period - Penalty to Andrei Loktionov is over, Andrei Loktionov is back on ice.
11:12 of 2nd period - Penalty to Tim Gleason is over, Tim Gleason is back on ice.
11:40 of 2nd period - Slapshot by Theo Peckham.
11:40 of 2nd period - Stopped by Devan Dubnyk without a rebound.
11:41 of 2nd period - Tom Pyatt wins face-off versus Nick Spaling in Thunder zone.
12:06 of 2nd period - Cody Franson is hit by Ray Macias and loses puck.
12:33 of 2nd period - Jannik Hansen is hit by Mason Raymond and loses puck.
13:05 of 2nd period - Icing by David Fischer.
13:06 of 2nd period - Samuel Pahlsson wins face-off versus Peter Holland in Thunder zone.
13:13 of 2nd period - Snap shot by Pierre-Alexandre Parenteau.
13:13 of 2nd period - Stopped by Tobias Stephan without a rebound.
13:14 of 2nd period - Yan Stastny wins face-off versus Tom Pyatt in Staline zone.
13:48 of 2nd period - Mason Raymond is hit by Tim Gleason and loses puck.
14:03 of 2nd period - Jannik Hansen is hit by J.T. Wyman and loses puck.
15:18 of 2nd period - Snap shot by Yan Stastny.
15:18 of 2nd period - Shot Hit the Post.
15:42 of 2nd period - Icing by Tim Gleason.
15:43 of 2nd period - Yan Stastny wins face-off versus Samuel Pahlsson in Thunder zone.
16:32 of 2nd period - Icing by David Kolomatis.
16:33 of 2nd period - Tom Pyatt wins face-off versus Zac Rinaldo in Staline zone.
16:54 of 2nd period - Slapshot by Tom Pyatt.
16:54 of 2nd period - Shot Misses the Net.
16:57 of 2nd period - Icing by Aaron Ness.
16:58 of 2nd period - Samuel Pahlsson wins face-off versus Yan Stastny in Staline zone.
17:10 of 2nd period - Off-side.
17:11 of 2nd period - Tom Pyatt wins face-off versus Pierre-Luc Létourneau in neutral zone.
17:27 of 2nd period - Minor Penalty to Cody Franson for Tripping.
17:28 of 2nd period - Pierre-Luc Létourneau wins face-off versus Samuel Pahlsson in Staline zone.
17:38 of 2nd period - Snap shot by Jeff Finger.
17:38 of 2nd period - Shot Blocked by Torey Krug.
19:24 of 2nd period - Mason Raymond is hit by Samuel Pahlsson and loses puck.
19:27 of 2nd period - Penalty to Cody Franson is over, Cody Franson is back on ice.
19:34 of 2nd period - Off-side.
19:35 of 2nd period - Brandon Mashinter wins face-off versus Peter Holland in neutral zone.
19:44 of 2nd period - Slapshot by Derek Peltier.
19:44 of 2nd period - Shot Misses the Net.
Goals for this period are 3 for Thunder vs 4 for Staline.
Shots for this period are 7 for Thunder vs 11 for Staline.
3rd period
0:01 of 3rd period - Samuel Pahlsson wins face-off versus Yan Stastny in neutral zone.
0:26 of 3rd period - Andrei Loktionov is hit by Tom Pyatt and loses puck.
0:35 of 3rd period - Wrist shot by Tom Pyatt.
0:35 of 3rd period - Shot Blocked by Cam Janssen.
0:37 of 3rd period - Slapshot by Jeff Finger.
0:37 of 3rd period - Stopped by Tobias Stephan with a rebound.
0:39 of 3rd period - Wrist shot by Jeff Finger.
0:39 of 3rd period - Deflect By Theo Peckham.
0:39 of 3rd period - Stopped by Tobias Stephan without a rebound.
0:40 of 3rd period - Samuel Pahlsson wins face-off versus Devin Setoguchi in Staline zone.
0:47 of 3rd period - Snap shot by Dany Roussin.
0:47 of 3rd period - Deflect By Samuel Pahlsson.
0:47 of 3rd period - Stopped by Tobias Stephan without a rebound.
0:48 of 3rd period - Yan Stastny wins face-off versus Samuel Pahlsson in Staline zone.
1:08 of 3rd period - Snap shot by Samuel Pahlsson.
1:08 of 3rd period - Stopped by Tobias Stephan with a rebound.
1:12 of 3rd period - Wrist shot by Pierre-Alexandre Parenteau.
1:12 of 3rd period - Shot Misses the Net.
1:22 of 3rd period - Backhand shot by Pierre-Alexandre Parenteau.
1:22 of 3rd period - Deflect By Theo Peckham.
1:22 of 3rd period - Shot Misses the Net.
1:22 of 3rd period - Puck is out of play.
1:23 of 3rd period - Tom Pyatt wins face-off versus Andrei Loktionov in Staline zone.
1:31 of 3rd period - Minor Penalty to Mason Raymond for Boarding.
1:32 of 3rd period - Pierre-Alexandre Parenteau wins face-off versus Pierre-Luc Létourneau in Staline zone.
1:34 of 3rd period - Snap shot by Dany Roussin.
1:34 of 3rd period - Goal by Dany Roussin - Thunder : 4 - Staline : 5.
1:35 of 3rd period - Pierre-Luc Létourneau wins face-off versus Samuel Pahlsson in neutral zone.
3:14 of 3rd period - Icing by Andrei Loktionov.
3:15 of 3rd period - Andrei Loktionov wins face-off versus Tom Pyatt in Staline zone.
3:21 of 3rd period - Snap shot by Matt D'Agostini.
3:21 of 3rd period - Deflect By Tom Pyatt.
3:21 of 3rd period - Shot Blocked by Cam Janssen.
3:21 of 3rd period - Puck is out of play.
3:22 of 3rd period - Yan Stastny wins face-off versus Dany Roussin in Staline zone.
3:33 of 3rd period - Snap shot by Yan Stastny.
3:33 of 3rd period - Stopped by Devan Dubnyk without a rebound.
3:34 of 3rd period - Brandon Mashinter wins face-off versus Yan Stastny in Thunder zone.
3:43 of 3rd period - Snap shot by Cody Franson.
3:43 of 3rd period - Stopped by Devan Dubnyk without a rebound.
3:44 of 3rd period - Brandon Mashinter wins face-off versus Pierre-Luc Létourneau in Thunder zone.
4:02 of 3rd period - Off-side.
4:03 of 3rd period - Andrei Loktionov wins face-off versus Samuel Pahlsson in neutral zone.
4:05 of 3rd period - Off-side.
4:06 of 3rd period - Samuel Pahlsson wins face-off versus Andrei Loktionov in neutral zone.
4:09 of 3rd period - Slapshot by Doug Janik.
4:09 of 3rd period - Shot Misses the Net.
4:17 of 3rd period - Wrist shot by Samuel Pahlsson.
4:17 of 3rd period - Shot Hit the Post.
4:21 of 3rd period - Snap shot by Samuel Pahlsson.
4:21 of 3rd period - Stopped by Tobias Stephan with a rebound.
4:59 of 3rd period - Snap shot by Nick Spaling.
4:59 of 3rd period - Shot Misses the Net.
5:35 of 3rd period - Mason Raymond is hit by Tim Gleason and loses puck.
6:11 of 3rd period - Slapshot by J.T. Wyman.
6:11 of 3rd period - Stopped by Devan Dubnyk with a rebound.
6:23 of 3rd period - Snap shot by James Sheppard.
6:23 of 3rd period - Stopped by Devan Dubnyk with a rebound.
6:27 of 3rd period - Snap shot by James Sheppard.
6:27 of 3rd period - Shot Blocked by Brandon Mashinter.
6:41 of 3rd period - Pierre-Alexandre Parenteau is hit by Cam Janssen and loses puck.
6:54 of 3rd period - Wrist shot by Cam Janssen.
6:54 of 3rd period - Shot Misses the Net.
7:32 of 3rd period - Off-side.
7:33 of 3rd period - Samuel Pahlsson wins face-off versus Peter Holland in neutral zone.
7:44 of 3rd period - Peter Holland is hit by Derek Peltier and loses puck.
8:41 of 3rd period - Minor Penalty to Brandon Mashinter for Holding.
8:42 of 3rd period - Samuel Pahlsson wins face-off versus Pierre-Luc Létourneau in Thunder zone.
9:07 of 3rd period - Samuel Pahlsson is hit by Andrei Loktionov and loses puck.
9:48 of 3rd period - Snap shot by Matt D'Agostini.
9:48 of 3rd period - Shot Misses the Net.
10:41 of 3rd period - Penalty to Brandon Mashinter is over, Brandon Mashinter is back on ice.
12:04 of 3rd period - Minor Penalty to Daultan Leveillé for Close Hand On Puck.
12:05 of 3rd period - Samuel Pahlsson wins face-off versus Yan Stastny in Thunder zone.
12:05 of 3rd period - Samuel Pahlsson is hit by Yan Stastny.
12:22 of 3rd period - Dany Roussin is hit by Pierre-Luc Létourneau and loses puck.
12:47 of 3rd period - Doug Janik is hit by T.J. Fast and loses puck.
13:01 of 3rd period - Ray Macias is hit by T.J. Fast and loses puck.
13:29 of 3rd period - Wrist shot by Mason Raymond.
13:29 of 3rd period - Stopped by Devan Dubnyk with a rebound.
13:31 of 3rd period - Slapshot by T.J. Fast.
13:31 of 3rd period - Shot Blocked by Matt D'Agostini.
13:33 of 3rd period - Wrist shot by Mason Raymond.
13:33 of 3rd period - Goal by Mason Raymond - Thunder : 4 - Staline : 6.
13:34 of 3rd period - Pierre-Luc Létourneau wins face-off versus Tom Pyatt in neutral zone.
13:50 of 3rd period - Slapshot by Jeff Finger.
13:50 of 3rd period - Shot Misses the Net.
14:05 of 3rd period - Dany Roussin is hit by Theo Peckham and loses puck.
14:18 of 3rd period - Snap shot by J.T. Wyman.
14:18 of 3rd period - Stopped by Devan Dubnyk with a rebound.
14:20 of 3rd period - Wrist shot by Jared Boll.
14:20 of 3rd period - Stopped by Devan Dubnyk with a rebound.
14:39 of 3rd period - Minor Penalty to Doug Janik for Hooking.
14:40 of 3rd period - Samuel Pahlsson wins face-off versus Yan Stastny in Thunder zone.
16:39 of 3rd period - Penalty to Doug Janik is over, Doug Janik is back on ice.
Goals for this period are 1 for Thunder vs 1 for Staline.
Shots for this period are 6 for Thunder vs 8 for Staline.
Output by the SimonT Hockey Simulator (STHS) for François Prévost -- Original Page W3C XHTML 1.0 Valid